MIDW
WISCONSIN TIMBER RATTLERS @ BELOIT SNAPPERS
09/06/2003
 
TOP OF THE 1ST
Wisconsin Timber Rattlers batting - Pitching for Beloit Snappers : RHP Terry Byron
Pitching: RHP Terry Byron
Batting: RHB Chris Johnson 0-0: Ball
1-0: Ball
2-0: Called Strike
2-1: SINGLE (Line Drive, 7S, EV 103.8 MPH)
Batting: RHB Eric McMaster 0-0: Ball
1-0: Foul Ball, location: 2F
1-1: Swinging Strike
1-2: Strikes out swinging
Batting: RHB Steve Pearce 0-0: Ball
1-0: Ball
2-0: Grounds into double play, 5-4-3 (Groundball, 56S, EV 87.5 MPH)
Top of the 1st over - 0 runs, 1 hit, 0 errors, 0 left on base; Wisconsin 0 - Beloit 0
BOTTOM OF THE 1ST
Beloit Snappers batting - Pitching for Wisconsin Timber Rattlers : RHP Ender Classen
Pitching: RHP Ender Classen
Batting: LHB Scott Hicks 0-0: Called Strike
0-1: Ball
1-1: Ball
2-1: SINGLE (Groundball, 4MD, EV 98.8 MPH)
Batting: RHB Gil Mondragon 0-0: Sac Bunt to 3S - play at first, batter OUT! 3-4
Scott Hicks to second
Batting: LHB Jason Greene 0-0: Called Strike
0-1: Ball
1-1: Swinging Strike
1-2: Ball
2-2: Strikes out swinging
Batting: SHB Ernesto Mejia 0-0: Ball
1-0: Called Strike
1-1: Foul Ball, location: 2LF
1-2: Fly out, F7 (Flyball, 7LM, EV 96.3 MPH)
Bottom of the 1st over - 0 runs, 1 hit, 0 errors, 1 left on base; Wisconsin 0 - Beloit 0
TOP OF THE 2ND
Wisconsin Timber Rattlers batting - Pitching for Beloit Snappers : RHP Terry Byron
Batting: RHB Jon Nelson 0-0: DOUBLE (Flyball, 8LXD, EV 100.6 MPH)
Batting: RHB Francisco Romo 0-0: Called Strike
0-1: Foul Ball, location: 2F
0-2: Ball
1-2: Ground out 5-3 (Groundball, 5, EV 110.6 MPH)
Jon Nelson to third
Batting: SHB Brian Patrick 0-0: Ball
1-0: Ground out 5-3 (Groundball, 5, EV 82.5 MPH)
Jon Nelson scores
Batting: RHB Will Lewis 0-0: Foul Ball, location: 23F
0-1: Foul Ball, location: 9LSF
0-2: Ball
1-2: Ball
2-2: Strikes out looking
Top of the 2nd over - 1 run, 1 hit, 0 errors, 0 left on base; Wisconsin 1 - Beloit 0
BOTTOM OF THE 2ND
Beloit Snappers batting - Pitching for Wisconsin Timber Rattlers : RHP Ender Classen
Batting: RHB Ricky Bell 0-0: Fly out, F8 (Flyball, 8RD, EV 91.9 MPH)
Batting: RHB Vaughn Schill 0-0: Fly out, F7 (Flyball, 7D, EV 105.6 MPH)
Batting: RHB A.J. Porfirio 0-0: Called Strike
0-1: Ball
1-1: SINGLE (Line Drive, 56D, EV 103.1 MPH)
Batting: RHB Matt Ceriani 0-0: Called Strike
0-1: Called Strike
0-2: Fly out, F8 (Flyball, 8RM, EV 97.5 MPH)
Bottom of the 2nd over - 0 runs, 1 hit, 0 errors, 1 left on base; Wisconsin 1 - Beloit 0
TOP OF THE 3RD
Wisconsin Timber Rattlers batting - Pitching for Beloit Snappers : RHP Terry Byron
Batting: RHB Al Martinez 0-0: Called Strike
0-1: Called Strike
0-2: Ball
1-2: Ball
2-2: Strikes out swinging
Batting: RHB Brett Kay 0-0: Ball
1-0: Called Strike
1-1: Ball
2-1: Ground out 5-3 (Groundball, 56, EV 82.5 MPH)
Batting: RHB Chris Johnson 0-0: Ball
1-0: Ball
2-0: Foul Ball, location: 9LDF
2-1: Foul Ball, location: 2RF
2-2: Ball
3-2: Base on Balls
Batting: RHB Eric McMaster 0-0: Reached on error, E6 (Groundball, 6, EV 101.9 MPH)
Chris Johnson to second
Batting: RHB Steve Pearce 0-0: Ball
1-0: Foul Ball, location: 9LDF
1-1: Ball
2-1: Fielders Choice at 2nd, 5-4 (Groundball, 56, EV 86.3 MPH)
Top of the 3rd over - 0 runs, 0 hits, 1 error, 2 left on base; Wisconsin 1 - Beloit 0
BOTTOM OF THE 3RD
Beloit Snappers batting - Pitching for Wisconsin Timber Rattlers : RHP Ender Classen
Batting: RHB Mike Rosamond 0-0: Ball
1-0: Called Strike
1-1: Ball
2-1: Bunted foul
2-2: Reached on error, E4 (Groundball, 4, EV 78.8 MPH)
Batting: LHB Scott Hicks 0-0: Bunted foul
0-1: Ball
Mike Rosamond steals 2nd base
1-1: Sac Bunt to 5S - play at first, batter OUT! 5-4
Mike Rosamond to third
Batting: RHB Gil Mondragon 0-0: Called Strike
0-1: Ball
1-1: Swinging Strike
1-2: Ball
2-2: Ball
3-2: Fly out, F8 (Flyball, 8RD, EV 102.5 MPH)
Runner from 3rd tags up, SCORES, throw by CF
Batting: LHB Jason Greene 0-0: Ball
1-0: Foul Ball, location: 3F
1-1: Ball
2-1: Ball
3-1: Swinging Strike
3-2: Base on Balls
Batting: SHB Ernesto Mejia 0-0: Fly out, F9 (Flyball, 9LD, EV 98.8 MPH)
Bottom of the 3rd over - 1 run, 0 hits, 1 error, 1 left on base; Wisconsin 1 - Beloit 1
TOP OF THE 4TH
Wisconsin Timber Rattlers batting - Pitching for Beloit Snappers : RHP Terry Byron
Batting: RHB Jon Nelson 0-0: Swinging Strike
0-1: Ball
1-1: Hit by Pitch
Batting: RHB Francisco Romo 0-0: Ball
1-0: Called Strike
1-1: Ball
2-1: Foul Ball, location: 9LDF
2-2: Foul Ball, location: 2F
2-2: Foul Ball, location: 5F
2-2: Ball
3-2: Ground out 2-3 (Groundball, 13S, EV 61.9 MPH)
Jon Nelson to second
Batting: SHB Brian Patrick 0-0: Foul Ball, location: 5F
0-1: Foul Ball, location: 2F
0-2: Ball
1-2: Ball
2-2: Foul Ball, location: 2F
2-2: Ball
3-2: Fly out, F9 (Flyball, 89D, EV 80.0 MPH)
Batting: RHB Will Lewis 0-0: Called Strike
0-1: Foul Ball, location: 3DF
0-2: Ball
1-2: Ball
2-2: Ball
3-2: Ground out 5-3 (Groundball, 56, EV 84.4 MPH)
Top of the 4th over - 0 runs, 0 hits, 0 errors, 1 left on base; Wisconsin 1 - Beloit 1
BOTTOM OF THE 4TH
Beloit Snappers batting - Pitching for Wisconsin Timber Rattlers : RHP Ender Classen
Batting: RHB Ricky Bell 0-0: DOUBLE (Flyball, 9LD, EV 105.6 MPH)
Batting: RHB Vaughn Schill 0-0: Ball
Wild Pitch!
Ricky Bell to third
1-0: Called Strike
1-1: Fly out, F9 (Flyball, 9D, EV 80.0 MPH)
Runner from 3rd tags up, SCORES, no throw by RF
Batting: RHB A.J. Porfirio 0-0: Swinging Strike
0-1: Called Strike
0-2: Ball
1-2: Ball
2-2: Foul Ball, location: 23F
2-2: Foul Ball, location: 2F
2-2: Strikes out swinging
Batting: RHB Matt Ceriani 0-0: Ground out 1-3 (Groundball, P, EV 68.8 MPH)
Bottom of the 4th over - 1 run, 1 hit, 0 errors, 0 left on base; Wisconsin 1 - Beloit 2
TOP OF THE 5TH
Wisconsin Timber Rattlers batting - Pitching for Beloit Snappers : RHP Terry Byron
Batting: RHB Al Martinez 0-0: Fly out, F6 (Popup, 6S, EV 74.4 MPH)
Batting: RHB Brett Kay 0-0: Called Strike
0-1: Ball
1-1: Ground out 5-3 (Groundball, 56, EV 86.3 MPH)
Batting: RHB Chris Johnson 0-0: Ball
1-0: Swinging Strike
1-1: Swinging Strike
1-2: Fly out, F8 (Flyball, 8LM, EV 96.3 MPH)
Top of the 5th over - 0 runs, 0 hits, 0 errors, 0 left on base; Wisconsin 1 - Beloit 2
BOTTOM OF THE 5TH
Beloit Snappers batting - Pitching for Wisconsin Timber Rattlers : RHP Ender Classen
Batting: RHB Mike Rosamond 0-0: Ball
1-0: Foul Ball, location: 2F
1-1: Ball
2-1: Swinging Strike
2-2: Strikes out swinging
Batting: LHB Scott Hicks 0-0: Ball
1-0: Ball
2-0: Ball
3-0: Called Strike
3-1: Ground out 4-3 (Groundball, 4M, EV 108.8 MPH)
Batting: RHB Gil Mondragon 0-0: Ball
1-0: Ball
2-0: Foul Ball, location: 25F
2-1: Fly out, F3 (Popup, 3F, EV 57.5 MPH)
Bottom of the 5th over - 0 runs, 0 hits, 0 errors, 0 left on base; Wisconsin 1 - Beloit 2
TOP OF THE 6TH
Wisconsin Timber Rattlers batting - Pitching for Beloit Snappers : RHP Terry Byron
Batting: RHB Eric McMaster 0-0: Ball
1-0: Ball
2-0: SINGLE (Line Drive, 78M, EV 103.8 MPH)
Batting: RHB Steve Pearce 0-0: Called Strike
0-1: Fly out, F3 (Popup, 3S, EV 86.9 MPH)
Batting: RHB Jon Nelson 0-0: Swinging Strike
0-1: Called Strike
0-2: Strikes out looking
Batting: RHB Francisco Romo 0-0: Ball
1-0: Swinging Strike
1-1: Ball
2-1: Fly out, F7 (Line Drive, 7, EV 100.0 MPH)
Top of the 6th over - 0 runs, 1 hit, 0 errors, 1 left on base; Wisconsin 1 - Beloit 2
BOTTOM OF THE 6TH
Beloit Snappers batting - Pitching for Wisconsin Timber Rattlers : RHP Ender Classen
Batting: LHB Jason Greene 0-0: Foul Ball, location: 5F
0-1: Ball
1-1: Called Strike
1-2: Ball
2-2: Foul Ball, location: 2LF
2-2: SINGLE (Line Drive, 7S, EV 102.5 MPH)
Batting: SHB Ernesto Mejia 0-0: Called Strike
0-1: Ball
1-1: Called Strike
1-2: Fly out, F8 (Flyball, 78M, EV 98.1 MPH)
Batting: RHB Ricky Bell 0-0: Called Strike
0-1: Ball
1-1: Swinging Strike
1-2: Strikes out looking
Batting: RHB Vaughn Schill 0-0: Ball
1-0: Fielders Choice at 2nd, 6-4 (Groundball, 56, EV 104.4 MPH)
Bottom of the 6th over - 0 runs, 1 hit, 0 errors, 1 left on base; Wisconsin 1 - Beloit 2
TOP OF THE 7TH
Wisconsin Timber Rattlers batting - Pitching for Beloit Snappers : RHP Terry Byron
Batting: SHB Brian Patrick 0-0: Ball
1-0: Foul Ball, location: 2F
1-1: Foul Ball, location: 2F
1-2: Ground out 4-3 (Groundball, 4, EV 82.5 MPH)
Batting: RHB Will Lewis 0-0: Ball
1-0: Ball
2-0: Called Strike
2-1: Called Strike
2-2: Strikes out swinging
Batting: RHB Al Martinez 0-0: Ball
1-0: Ground out 5-3 (Groundball, 5S, EV 70.0 MPH)
Top of the 7th over - 0 runs, 0 hits, 0 errors, 0 left on base; Wisconsin 1 - Beloit 2
BOTTOM OF THE 7TH
Beloit Snappers batting - Pitching for Wisconsin Timber Rattlers : RHP Ender Classen
Batting: RHB A.J. Porfirio 0-0: Ball
1-0: Ball
2-0: Ball
3-0: Called Strike
3-1: Fly out, F8 (Flyball, 8RM, EV 70.0 MPH)
Batting: RHB Matt Ceriani 0-0: Foul Ball, location: 9LDF
0-1: Ball
1-1: Foul Ball, location: 2F
1-2: Fly out, F9 (Flyball, 9LMF, EV 101.3 MPH)
Batting: RHB Mike Rosamond 0-0: Foul Ball, location: 9LDF
0-1: Ball
1-1: Foul Ball, location: 2F
1-2: Foul Ball, location: 2F
1-2: Strikes out swinging
Bottom of the 7th over - 0 runs, 0 hits, 0 errors, 0 left on base; Wisconsin 1 - Beloit 2
TOP OF THE 8TH
Wisconsin Timber Rattlers batting - Pitching for Beloit Snappers : RHP Terry Byron
Now at 1B: Ricky Bell
Now at 2B: Josh Wilson
Now at SS: Gil Mondragon
Batting: RHB Brett Kay 0-0: Ball
1-0: Swinging Strike
1-1: Ball
2-1: Foul Ball, location: 25F
2-2: Strikes out looking
Pitching: RHP Carlos Guevara
Batting: RHB Chris Johnson 0-0: Ball
1-0: SINGLE (Flyball, 89M, EV 85.6 MPH)
Batting: RHB Eric McMaster 0-0: Ball
1-0: Hit by Pitch
Chris Johnson to second
Batting: RHB Steve Pearce 0-0: Called Strike
0-1: SINGLE (Line Drive, 6MD, EV 95.6 MPH)
Chris Johnson to third
Eric McMaster to second
Runner from 3rd tries for Home, throw by CF and OUT! 8-2
Batting: RHB Jon Nelson 0-0: Foul Ball, location: 2F
0-1: Ball
1-1: Called Strike
1-2: Hit by Pitch
Eric McMaster to third
Steve Pearce to second
Batting: RHB Francisco Romo 0-0: Called Strike
0-1: Foul Ball, location: 9LSFF
0-2: SINGLE (Line Drive, 4M, EV 110.6 MPH)
Eric McMaster scores
Steve Pearce to third
Jon Nelson to second
Runner from 3rd tries for Home, SAFE, throw by CF to home
Batting: SHB Brian Patrick 0-0: Ball
1-0: SINGLE (Groundball, 56S, EV 72.5 MPH) (infield hit)
Jon Nelson to third
Francisco Romo to second
Batting: RHB Will Lewis 0-0: Swinging Strike
0-1: Ball
1-1: Ball
2-1: Ball
3-1: Reached on error, E6 (Groundball, 6, EV 78.1 MPH)
Jon Nelson scores
Francisco Romo to third
Brian Patrick to second
Batting: RHB Al Martinez 0-0: Called Strike
0-1: Ball
1-1: Fly out, F8 (Flyball, 8RD, EV 100.6 MPH)
Top of the 8th over - 3 runs, 4 hits, 1 error, 3 left on base; Wisconsin 4 - Beloit 2
BOTTOM OF THE 8TH
Beloit Snappers batting - Pitching for Wisconsin Timber Rattlers : RHP Ender Classen
DELAY Rain delay of 34 minutes in the 8th inning.
Pitching: LHP Yonder Linares
Pinch Hitting: RHB Josh Kreuzer 0-0: Called Strike
0-1: Fly out, F9 (Flyball, 9, EV 88.1 MPH)
Batting: RHB Gil Mondragon 0-0: Ball
1-0: Foul Ball, location: 23FF
1-1: Swinging Strike
1-2: SINGLE (Line Drive, 7S, EV 107.5 MPH)
Batting: RHB Josh Wilson 0-0: Ball
1-0: Swinging Strike
1-1: Ball
2-1: Swinging Strike
2-2: Strikes out swinging
Batting: SHB Ernesto Mejia 0-0: Ball
1-0: Called Strike
1-1: SINGLE (Line Drive, 78S, EV 91.3 MPH)
Gil Mondragon to second
Batting: RHB Ricky Bell 0-0: Fly out, F9 (Flyball, 89D, EV 90.6 MPH)
Bottom of the 8th over - 0 runs, 2 hits, 0 errors, 2 left on base; Wisconsin 4 - Beloit 2
TOP OF THE 9TH
Wisconsin Timber Rattlers batting - Pitching for Beloit Snappers : RHP Carlos Guevara
Pitching: RHP Al Hawkins
Now in RF: Elvin Beltre
Batting: RHB Brett Kay 0-0: Ball
1-0: Foul Ball, location: 9LDF
1-1: Ball
2-1: Fly out, F9 (Flyball, 89S, EV 96.3 MPH)
Batting: RHB Chris Johnson 0-0: Called Strike
0-1: Foul Ball, location: 9LSF
0-2: Ball
1-2: Fly out, F9 (Flyball, 9, EV 86.9 MPH)
Batting: RHB Eric McMaster 0-0: Ground out 6-3 (Groundball, 6, EV 90.0 MPH)
Top of the 9th over - 0 runs, 0 hits, 0 errors, 0 left on base; Wisconsin 4 - Beloit 2
BOTTOM OF THE 9TH
Beloit Snappers batting - Pitching for Wisconsin Timber Rattlers : LHP Yonder Linares
Pitching: RHP Ryan Z. Braun
Now at 1B: Mark Saccomanno
Batting: RHB Vaughn Schill 0-0: Fly out, F7 (Flyball, 7, EV 89.4 MPH)
Batting: RHB A.J. Porfirio 0-0: Called Strike
0-1: Called Strike
0-2: Ball
1-2: Ball
2-2: Fly out, F8 (Flyball, 8LS, EV 89.4 MPH)
Pinch Hitting: RHB Russell Martin 0-0: Ball
1-0: Ball
2-0: Fly out, F7 (Flyball, 78M, EV 91.9 MPH)
Bottom of the 9th over - 0 runs, 0 hits, 0 errors, 0 left on base; Wisconsin 4 - Beloit 2
Friday, September 27th , 2024 - OOTP Baseball 25.9 Build 91